 Dungeon Crawl Stone Soup version 0.14-a0-1721-g84c87b2 (webtiles) character file.

254 HollowCharge the Slasher (level 5, -12/34 HPs)
             Began as a Tengu Fighter on Jan 2, 2014.
             Mangled by Prince Ribbit (15 damage)
             ... on Level 4 of the Dungeon.
             The game lasted 00:15:07 (2827 turns).

HollowCharge the Slasher (Tengu Fighter)            Turns: 2827, Time: 00:15:07

HP -12/34        AC  8     Str 22      XL: 5   Next: 19%
MP   7/7         EV  6     Int  8      God:
Gold 118         SH 19     Dex 14      Spells:  0 memorised,  4 levels left

rFire  . . .     SeeInvis .     a - +0 falchion
rCold  . . .     Clarity  .     b - +0 scale mail
rNeg   . . .     Conserve .     c - +0 shield
rPois  .         rCorr    .     (helmet restricted)
rElec  .         rRot     .     o - +0 cloak (curse)
SustAb . .       Spirit   .     (no gloves)
rMut   .         Warding  .     (boots unavailable)
Saprov . . .     Stasis   .     (no amulet)
                                (no ring)
                                (no ring)

@: mighty, slightly resistant to hostile enchantments, extremely unstealthy
A: able to fly, beak, talons 3
a: Fly


You were on level 4 of the Dungeon.
You were hungry.

You visited 1 branch of the dungeon, and saw 4 of its levels.

You collected 118 gold pieces.

Inventory:

Hand weapons
 a - a +0,+0 falchion (weapon)
Armour
 b - a +0 scale mail (worn)
 c - a +0 shield (worn)
 j - a +0 cloak
 m - a +0 ring mail
 o - a cursed +0 cloak (worn)
Comestibles
 d - 2 bread rations
 i - a meat ration
 k - a pear
Scrolls
 e - a scroll of fog {unknown}
 f - a scroll of enchant armour {unknown}
 g - 5 scrolls of identify {unknown}
 h - a scroll of curse weapon {unknown}
 l - a scroll of amnesia {unknown}
 n - a scroll of enchant weapon II {unknown}
 p - a scroll of curse jewellery {unknown}
 q - a scroll of teleportation {unknown}
 v - a scroll of random uselessness {unknown}
Potions
 r - a potion of heal wounds {unknown}
 s - a potion of paralysis {unknown}
 u - 2 potions of curing {unknown}


   Skills:
 + Level 4.4 Fighting
 + Level 4.4 Long Blades
 - Level 3.2 Armour
 - Level 3.0 Shields


You had 4 spell levels left.
You didn't know any spells.

Dungeon Overview and Level Annotations

Branches:
Dungeon (4/16)
 Temple: D:4-7

Altars:
Nemelex Xobeh

Annotations:
D:4 Prince Ribbit


Innate Abilities, Weirdness & Mutations

You can fly.
You have a beak for a mouth.
You have claws for feet.


Message History

Prince Ribbit hits you! You block Prince Ribbit's attack.
You closely miss Prince Ribbit. Your peck misses Prince Ribbit.
Prince Ribbit hits you! Prince Ribbit barely misses you.
Prince Ribbit lets out a mournful croak.
Prince Ribbit blinks!
You block Prince Ribbit's attack.
You hit Prince Ribbit. You claw Prince Ribbit.
Prince Ribbit is moderately wounded.
Prince Ribbit hits you but does no damage.
You feel very mighty all of a sudden. Prince Ribbit hits you!
* * * LOW HITPOINT WARNING * * *
Prince Ribbit croaks regally.
Prince Ribbit barely misses you.
You hit Prince Ribbit. You claw Prince Ribbit! You peck Prince Ribbit!
Prince Ribbit is almost dead.
Prince Ribbit blinks!
Prince Ribbit hits you!
You die...

#.....# #.....# #.....#
#.....#...# #.....+...# .
## #.....#...# .. ....
#.....#...# .#
.....#.ยง...#...#######.#
......##@####...........#
.........F..............#
#........................#
#........................#
#.......##############...#
#.......# #...# #.......#
#...# #.......# #...#
#.......# #....


You could see Prince Ribbit.

Vanquished Creatures
  A crimson imp (D:3)
  An orc wizard (D:3)
  2 adders
  A gnoll (D:3)
  5 orcs (D:3)
  3 bats (D:1)
  4 goblins
  7 hobgoblins
  7 kobolds
  A quokka (D:3)
  4 giant cockroaches
  A giant newt (D:3)
  11 rats
  A fungus (D:1)
49 creatures vanquished.

Notes
Turn   | Place    | Note
--------------------------------------------------------------
     0 | D:1      | HollowCharge, the Tengu Fighter, began the quest for the Orb.
     0 | D:1      | Reached XP level 1. HP: 14/14 MP: 1/1
   280 | D:1      | Reached XP level 2. HP: 17/19 MP: 3/3
   919 | D:2      | Reached XP level 3. HP: 10/23 MP: 4/4
  1876 | D:3      | Found a sparkling altar of Nemelex Xobeh.
  1926 | D:3      | Reached XP level 4. HP: 18/29 MP: 5/5
  2076 | D:3      | Reached skill level 4 in Fighting
  2139 | D:3      | Reached XP level 5. HP: 19/34 MP: 7/7
  2815 | D:4      | Noticed Prince Ribbit
  2827 | D:4      | Mangled by Prince Ribbit

Action                   |  1- 3 |  4- 6 || total
-------------------------+-------+-------++-------
Melee: Falchion          |   110 |    68 ||   178
  Use: Potion            |       |     3 ||     3
